 Dungeon Crawl Stone Soup version 0.27.0-1-g7a089689b8 (webtiles) character file.

Game seed: 13730306456932102391

37 Thatpatchoflichen the Shooter (level 3, -1/31 HPs)
             Began as a Minotaur Hunter on Aug 12, 2021.
             Slain by an orc (4 damage)
             ... on level 2 of the Dungeon.
             The game lasted 00:04:23 (1814 turns).

Thatpatchoflichen the Shooter (Minotaur Hunter)     Turns: 1814, Time: 00:04:24

Health: -1/31      AC:  3    Str: 16    XL:     3   Next: 23%
Magic:  2/2        EV: 12    Int:  8    God:
Gold:   59         SH:  0    Dex: 11    Spells: 2/2 levels left

rFire    . . .     SeeInvis .   b - +0 short sword
rCold    . . .     Faith    .   (no shield)
rNeg     . . .     Spirit   .   c - +0 leather armour
rPois    .         Reflect  .   (helmet restricted)
rElec    .         Harm     .   (no cloak)
rCorr    +         Rampage  .   (no gloves)
Will     .....                  (no boots)
Stlth    +.........             (no amulet)
HPRegen  0.10/turn              f - ring of resist corrosion
MPRegen  0.08/turn              (no ring)

@: no status effects
A: horns 2, retaliatory headbutt
a: no special abilities


You were on level 2 of the Dungeon.
You visited 1 branch of the dungeon, and saw 2 of its levels.

You collected 59 gold pieces.

Inventory:

Hand Weapons
 a - a +1 shortbow
 b - a +0 short sword (weapon)
Missiles
 d - 34 arrows
Armour
 c - a +0 leather armour (worn)
 l - a +0 ring mail
Jewellery
 f - a ring of resist corrosion (left hand)
Scrolls
 i - a scroll of summoning {unknown}
 j - 2 scrolls of vulnerability {unknown}
 k - a scroll of identify {unknown}
Potions
 e - 2 potions of ambrosia {unknown}
 g - 2 potions of heal wounds {unknown}
 h - 2 potions of curing {unknown}
 m - a potion of haste {unknown}


   Skills:
 + Level 3.1 Fighting
 + Level 4.7 Bows
 + Level 1.1 Armour
 + Level 2.8 Dodging
 - Level 0.7 Stealth


You had 2 spell levels left.
You didn't know any spells.
Your spell library was empty.

Dungeon Overview and Level Annotations

Branches:
Dungeon (2/15)

Altars:
Beogh


Innate Abilities, Weirdness & Mutations

You have a pair of horns on your head.
You reflexively headbutt those who attack you in melee.


Message History

The orc barely misses you.
You hit the orc. Your headbutt misses the orc.
The orc is heavily wounded.
The orc closely misses you.
You hit the orc but do no damage.
The orc is heavily wounded.
The orc barely misses you. You furiously retaliate!
You headbutt the orc, but do no damage. You closely miss the orc.
The orc is heavily wounded.
The orc misses you.
You hit the orc.
You kill the orc!
You hit the orc but do no damage. You headbutt the orc.
You kill the orc!
You closely miss the orc. The orc closely misses you.
You barely miss the orc. The orc barely misses you.
You hit the orc.
The orc is moderately wounded.
The orc hits you with a +0 dagger.
You barely miss the orc.
The orc is moderately wounded.
The orc misses you. You furiously retaliate!
You headbutt the orc!
You kill the orc!
You barely miss the orc. The orc misses you.
You hit the orc.
The orc is almost dead.
The orc hits you with a +0 flail. The orc hits you with a +0 flail!
You closely miss the orc.
The orc is almost dead.
The orc hits you with a +0 flail.
* * * LOW HITPOINT WARNING * * *
You closely miss the orc.
The orc is almost dead.
The orc hits you with a +0 flail.
* * * LOW HITPOINT WARNING * * *
You barely miss the orc.
The orc is almost dead.
The orc hits you with a +0 flail.
You die...

#....#####.....#.#####.##.
#>........................
#..............#######<#..
#.........>...............
..........########.###.#..
........##########........
........†..............##.
........##########.######.
........o@................
........##########....†##.
........# #........<....#.
........##..#...........#.
######...⌠.........##.#.#.
#....................#.
#..##)....##....###.###.
#.##.......##....##.###.
###.........##..........


You could see an orc.

Vanquished Creatures
  2 dart slugs (D:2)
  4 orcs (D:2)
  5 ball pythons
  2 bats (D:2)
  An endoplasm (D:1)
  A giant cockroach (D:1)
  5 goblins
  A hobgoblin (D:1)
  3 kobolds
  A frilled lizard (D:1)
  2 rats (D:2)
27 creatures vanquished.

Notes
Turn   | Place    | Note
-------+----------+-------------------------------------------
     0 | D:1      | Thatpatchoflichen the Minotaur Hunter began the quest for
                  | the Orb.
     0 | D:1      | Reached XP level 1. HP: 18/18 MP: 0/0
   676 | D:1      | Reached XP level 2. HP: 16/25 MP: 1/1
  1720 | D:2      | Reached skill level 1 in Armour
  1720 | D:2      | Reached XP level 3. HP: 31/31 MP: 2/2
  1814 | D:2      | Slain by an orc

Illustrated notes

Levels and vault maps discovered:
D:1:      lemuel_arrival_lava_pool, layout_basic
D:2:      layout_basic, hellmonk_ecumenical_altar_defaced_shrine,
          minmay_distorted

Skill      XL: |  1  2 |
---------------+-------+-----
Fighting       | 3 |  3.1
Armour         | 1 |  1.1
Bows           | |  4.7
Dodging        | |  2.8
Stealth        | |  0.7

Action                   || total
-------------------------++-------
Melee: Short sword       ||    84
       Headbutt          ||    11
Armor: Leather armour    ||    28
Dodge: Dodged            ||    60
